Map: Nightshade LE

Players

Sarrel - Winner!

  • Race: Terran Terran
  • League: Grandmaster
  • Spawn Location: 5:00

IlllIIlllII

  • Race: Terran Terran
  • League: Grandmaster
  • Spawn Location: 11:00

VOD

Have the link to the VOD?

Description

Time

  • Played on: May 25, 2020, 10:05 a.m.
  • Length: 26:23
Show
View Real Time Build Order
Export as new Build Order

Sarrel Terran - Winner!

Build Orders: Reaper Expand 

Get SALT Encoding   

  12  0:01  SCV  
  13  0:13  SCV  
  14  0:18  Supply Depot  
  14  0:25  SCV  
  15  0:39  SCV  
  15  0:40  Barracks  
  16  0:45  Refinery  
  16  0:51  SCV  
  17  1:03  SCV  
  18  1:16  SCV  
  19  1:27  Reaper  
  19  1:28  Orbital Command  
  20  1:39  Command Center  
  20  1:49  Supply Depot  
  20  1:53  SCV  
  21  1:59  Marine  
  22  2:05  SCV  
  23  2:08  Factory  
  23  2:14  Refinery  
  23  2:18  SCV  
  23  2:21  Barracks Reactor  
  24  2:26  Bunker  
  24  2:30  SCV  
  25  2:42  SCV  
  26  2:51  Orbital Command  
  26  2:53  Hellion  
  26  2:55  SCV  
  26  2:58  Starport  
  29  2:59  Marine  
  29  3:03  Marine  
  31  3:07  SCV  
  32  3:15  Factory Tech Lab  
  32  3:16  SCV  
  32  3:17  Marine  
  32  3:19  SCV  
  35  3:20  Marine  
  35  3:26  Refinery  
  36  3:28  SCV  
  36  3:31  SCV  
  38  3:35  Supply Depot, Marine  
  38  3:38  Marine  
  38  3:41  SCV, Raven, Factory Tech Lab  
  41  3:46  SCV  
  44  3:49  Supply Depot  
  44  3:53  Marine  
  44  3:54  SCV  
  46  3:56  Marine  
  46  3:58  SCV  
  46  4:01  Siege Tank  
  51  4:06  SCV  
  52  4:11  Marine  
  52  4:12  Supply Depot  
  52  4:14  SCV, Marine  
  55  4:18  SCV  
  56  4:24  Raven  
  56  4:26  SCV  
  56  4:30  SCV  
  60  4:37  Command Center  
  61  4:38  SCV  
  61  4:40  Siege Tank  
  61  4:44  Supply Depot  
  64  4:46  SCV  
  64  4:50  SCV  
  64  4:51  Refinery  
  66  4:53  Marine x2  
  66  4:58  SCV  
  69  5:02  SCV  
  69  5:06  Supply Depot  
  69  5:07  Raven  
  69  5:10  SCV  
  69  5:13  Marine x2  
  74  5:14  SCV  
  74  5:15  Siege Tank  
  78  5:21  Supply Depot  
  78  5:28  SCV x2  
  80  5:30  Marine  
  80  5:31  Marine  
  82  5:36  Engineering Bay  
  82  5:37  Engineering Bay  
  82  5:38  Supply Depot  
  82  5:40  SCV x2  
  84  5:48  Siege Tank  
  87  5:52  SCV  
  88  5:57  Viking x2  
  88  5:58  SCV, Barracks  
  88  5:59  Barracks  
  93  6:04  SCV, Marine  
  93  6:07  Terran Infantry Weapons Level 1, Terran Infantry Armor Level 1  
  93  6:10  SCV, Stimpack  
  96  6:16  SCV  
  97  6:18  Orbital Command  
  97  6:20  Refinery  
  97  6:22  Refinery  
  97  6:23  SCV  
  98  6:26  Siege Tank  
  98  6:27  Marine  
  100  6:38  Viking x2  
  100  6:39  SCV  
  102  6:41  SCV  
  102  6:43  Supply Depot  
  102  6:45  Marine  
  102  6:47  SCV  
  102  6:51  SCV  
  102  6:53  SCV  
  102  6:59  SCV  
  102  7:01  Siege Tank  
  91  7:03  SCV  
  91  7:05  SCV  
  91  7:08  Viking x2  
  90  7:11  SCV  
  90  7:12  Barracks Reactor x2  
  85  7:16  SCV  
  85  7:17  SCV  
  85  7:20  Marine  
  87  7:23  SCV  
  87  7:28  SCV  
  90  7:30  SCV  
  90  7:33  Siege Tank  
  90  7:35  SCV  
  90  7:36  Barracks  
  90  7:37  Barracks  
  94  7:40  Armory, SCV  
  94  7:42  SCV  
  94  7:44  Viking  
  98  7:47  Viking, SCV  
  98  7:51  Sensor Tower  
  101  7:52  SCV, Marine x2  
  101  7:56  Supply Depot, Marine  
  101  7:57  Marine  
  106  8:04  Supply Depot  
  106  8:05  Siege Tank  
  109  8:06  Combat Shield  
  109  8:07  Marauder  
  111  8:13  Missile Turret  
  111  8:18  Command Center  
  111  8:22  Viking  
  111  8:23  Viking, Marine  
  111  8:25  Barracks Tech Lab  
  111  8:26  Barracks Tech Lab  
  116  8:29  Terran Infantry Weapons Level 2  
  116  8:31  Marine  
  116  8:32  Marine x2  
  119  8:35  Terran Infantry Armor Level 2  
  119  8:39  Supply Depot  
  119  8:42  Marauder, Marine  
  119  8:46  Missile Turret  
  119  8:47  Missile Turret  
  122  8:48  Concussive Shells  
  122  8:49  Marauder, Marine  
  125  8:56  Medivac x2  
  125  8:58  Marine x2  
  125  8:59  Supply Depot  
  131  9:03  Marauder, Marine, Siege Tank  
  131  9:07  SCV  
  131  9:09  Supply Depot, Marine  
  141  9:10  Marauder  
  141  9:13  Marauder  
  143  9:21  Marine  
  143  9:25  Marauder, Marine  
  143  9:26  Medivac x2  
  152  9:31  Marauder  
  152  9:36  Marine  
  152  9:37  Marauder  
  153  9:39  SCV x3, Command Center  
  153  9:42  Marine  
  157  9:46  Marauder  
  157  9:48  Marine  
  157  9:50  Supply Depot, Siege Tank  
  157  9:52  SCV, Marauder  
  166  9:56  Medivac x2  
  167  10:00  SCV  
  167  10:02  Planetary Fortress  
  167  10:04  Marauder, Marine  
  167  10:06  Marine  
  172  10:13  Supply Depot  
  172  10:14  SCV x2, Supply Depot  
  172  10:15  Marine  
  172  10:20  Marauder  
  177  10:22  Siege Tank  
  177  10:25  Marauder, Marine x2  
  184  10:30  Marine  
  184  10:31  Marauder  
  182  10:35  SCV  
  182  10:38  SCV  
  182  10:42  Marauder, Marine  
  186  10:44  Medivac x2  
  186  10:45  SCV  
  186  10:49  Marine x2  
  194  10:50  Marauder, Missile Turret  
  194  10:52  Starport  
  194  10:56  Marine  
  198  10:57  Marauder  
  198  11:01  Starport  
  198  11:03  Marine  
  198  11:12  Command Center  
  198  11:13  Terran Infantry Weapons Level 3  
  198  11:18  Terran Infantry Armor Level 3  
  198  11:21  Marine  
  198  11:22  Marine  
  198  11:25  Planetary Fortress  
  200  11:40  Starport Tech Lab  
  200  11:41  Starport Tech Lab  
  200  11:58  Raven  
  200  11:59  Barracks  
  199  12:01  Barracks  
  199  12:04  Raven, Corvid Reactor  
  199  12:05  Barracks  
  196  12:13  Command Center  
  196  12:14  Command Center  
  196  12:15  Missile Turret  
  196  12:16  Marauder x2  
  196  12:19  Refinery x2  
  200  12:26  Marine x2  
  200  12:47  Raven  
  200  12:49  Barracks Tech Lab x2  
  198  12:57  Raven  
  200  12:58  Command Center  
  200  12:59  Command Center  
  200  13:01  Terran Vehicle And Ship Armor Level 1  
  200  13:02  Starport  
  200  13:03  Starport  
  200  13:05  Armory  
  200  13:11  Barracks Tech Lab  
  200  13:16  Sensor Tower  
  200  13:18  Sensor Tower  
  200  13:20  Orbital Command  
  200  13:22  Sensor Tower  
  200  13:27  Orbital Command  
  200  13:48  Starport Tech Lab  
  200  13:50  Neosteel Armor  
  200  13:54  Terran Ship Weapons Level 1  
  190  13:55  Hi-Sec Auto Tracking  
  190  13:57  Raven  
  190  14:01  Raven  
  188  14:13  Marauder x4, Marine x2  
  188  14:15  Refinery, Orbital Command x2  
  188  14:16  Refinery, Starport Tech Lab  
  186  14:19  Marauder, Marine  
  186  14:21  Command Center  
  189  14:32  Raven  
  189  14:33  Marine  
  189  14:34  Marauder  
  190  14:40  Raven, Marine  
  190  14:41  Marauder  
  190  14:44  Raven x2, Marine  
  190  14:45  Marauder  
  196  14:47  Missile Turret  
  196  14:48  Marine  
  196  14:49  Marauder x2  
  200  14:59  Marine  
  200  15:05  Marauder, Marine  
  199  15:07  Marine  
  200  15:16  Marine  
  200  15:17  Marauder  
  200  15:19  Raven, Marine x2  
  200  15:20  Marauder x2  
  176  15:22  Marine  
  176  15:23  Marine  
  176  15:24  Raven  
  176  15:25  Marine  
  176  15:27  SCV, Marauder  
  154  15:28  SCV  
  154  15:30  Orbital Command  
  154  15:34  Marine  
  155  15:37  Raven, Marauder  
  155  15:38  SCV x2, Marauder  
  155  15:39  SCV  
  155  15:41  Marine  
  155  15:42  Marauder  
  167  15:44  SCV x2  
  167  15:45  Marine  
  170  15:54  Marauder, Marine  
  170  15:55  Marine  
  170  15:56  Marauder x2  
  155  15:58  Marine  
  155  15:59  SCV x3  
  155  16:02  Medivac  
  161  16:04  Terran Ship Weapons Level 2  
  161  16:06  SCV  
  161  16:07  SCV  
  161  16:08  SCV x2  
  161  16:09  SCV  
  166  16:12  SCV  
  166  16:14  Medivac x2  
  166  16:15  Medivac  
  166  16:18  Marauder, Marine x2  
  176  16:19  Marauder  
  176  16:20  SCV  
  176  16:23  SCV x3  
  176  16:24  Marauder x2  
  187  16:28  Raven  
  187  16:30  Marauder x2  
  193  16:32  Orbital Command  
  193  16:35  Marine  
  196  16:40  Marauder  
  196  16:41  Terran Vehicle And Ship Armor Level 2  
  196  16:47  Command Center  
  196  16:49  Raven x2  
  200  17:04  Command Center x2  
  200  17:06  Command Center  
  200  17:23  Marauder  
  200  17:29  Marine  
  200  17:30  Marauder  
  200  17:34  Smart Servos  
  200  17:39  Command Center  
  200  17:42  Command Center  
  200  17:45  Missile Turret  
  200  17:46  Missile Turret  
  200  17:48  Missile Turret  
  200  17:58  Marauder, Marine  
  199  18:01  Marauder, Marine  
  199  18:02  Marine  
  199  18:03  Marauder  
  196  18:08  Marauder, Marine  
  196  18:11  Marauder, Marine  
  200  18:25  Marine  
  200  18:26  Marauder  
  200  18:32  Marine x2  
  200  18:33  Marauder x2  
  200  18:41  Raven, Marine  
  200  19:02  Marine  
  194  19:03  Marauder, Marine  
  194  19:04  Marauder  
  194  19:05  Orbital Command x2  
  194  19:09  Raven x2, Marauder x2, Marine x2  
  196  19:14  Marine  
  196  19:15  Marauder  
  186  19:26  Marine x2  
  186  19:27  Marauder x2  
  186  19:28  Viking x2, Raven  
  186  19:29  Viking  
  196  19:32  Marauder, Marine  
  196  19:36  SCV  
  200  19:44  Marauder, Marine, Siege Tank  
  190  19:46  Marine  
  190  19:47  Marauder  
  190  19:52  Medivac x2  
  188  19:53  Marauder, Marine  
  188  19:58  Medivac  
  189  20:03  Barracks  
  189  20:04  Barracks  
  189  20:05  Orbital Command  
  189  20:06  SCV  
  190  20:08  Barracks  
  190  20:09  Barracks  
  190  20:13  Barracks x2  
  190  20:14  Medivac  
  183  20:15  Barracks x2  
  183  20:16  Marine  
  183  20:17  Marauder x2, Marine  
  183  20:18  Siege Tank  
  186  20:23  Marine  
  186  20:24  Marauder  
  186  20:25  Viking  
  186  20:38  Marine  
  186  20:39  Marauder  
  184  20:46  Marine  
  184  20:47  Marauder  
  184  20:49  Marauder  
  174  20:51  Siege Tank  
  174  20:55  Marine  
  144  21:21  Barracks Tech Lab x3  
  144  21:23  SCV x2  
  144  21:24  SCV  
  128  21:26  SCV, Barracks Tech Lab x2  
  128  21:27  Missile Turret, Barracks Tech Lab x2  
  128  21:30  SCV, Missile Turret  
  124  21:33  SCV  
  124  21:43  Marauder x2, Marine x2  
  124  21:46  Refinery, Marauder x2, Marine x2  
  135  21:47  Refinery  
  135  21:49  SCV  
  135  21:53  SCV x2  
  137  22:01  Marauder, Marine  
  138  22:04  Marauder, Marine x2  
  138  22:05  Marauder  
  138  22:07  Marine  
  138  22:08  SCV, Orbital Command, Marauder  
  142  22:14  Supply Depot  
  142  22:15  Supply Depot  
  141  22:16  Supply Depot  
  141  22:18  Marine  
  141  22:22  Marauder, Marine  
  147  22:23  Marauder  
  147  22:25  Marine  
  147  22:26  SCV, Marauder x2  
  153  22:31  Marine  
  153  22:36  Marine  
  151  22:40  Marine  
  151  22:43  Marauder, Marine  
  148  22:44  Marauder  
  148  22:46  Marine  
  148  22:47  Marauder  
  148  22:49  Marauder  
  146  22:54  Marine  
  146  22:58  Marine  
  141  22:59  Factory  
  141  23:01  Marine  
  141  23:04  Marine  
  141  23:05  Marauder x2  
  147  23:08  Marine  
  145  23:13  Marine  
  145  23:14  Marauder  
  145  23:16  Marine  
  145  23:19  Marauder  
  151  23:22  Marine  
  151  23:26  Marauder  
  154  23:38  SCV  
  154  23:43  Engineering Bay  
  154  24:05  Supply Depot x2  
  154  24:08  Supply Depot  
  153  24:26  Marine x4  
  153  24:27  SCV x4, Marauder  
  153  24:29  Marine  
  153  24:30  SCV, Marauder x2  
  169  24:39  SCV x2  
  169  24:44  Marine  
  169  24:45  Marauder  
  165  24:47  Marine x2  
  165  24:48  Marauder  
  165  24:49  Marine  
  165  24:51  Marauder  
  161  24:53  SCV  
  161  24:55  Marine  
  159  25:05  Marauder x2  
  165  25:07  SCV  
  165  25:12  Marine  
  164  25:16  SCV  
  163  25:25  Marine  
  162  25:28  SCV  
Show
View Real Time Build Order
Export as new Build Order

IlllIIlllII Terran 

Build Orders: Gas First Reaper Expand, Hellion Opening, Mech 

Get SALT Encoding   

  12  0:00  SCV  
  13  0:13  SCV  
  14  0:17  Supply Depot  
  14  0:25  SCV  
  15  0:29  Refinery  
  15  0:38  SCV  
  16  0:44  Barracks  
  16  0:50  SCV  
  17  1:03  SCV  
  18  1:15  SCV  
  19  1:31  Reaper, Orbital Command  
  20  1:44  Command Center  
  20  1:53  Factory  
  20  1:58  SCV  
  21  2:06  Supply Depot  
  21  2:07  Barracks Reactor  
  21  2:11  SCV  
  22  2:15  Refinery  
  22  2:23  SCV  
  23  2:35  SCV  
  24  2:42  Starport  
  24  2:47  SCV  
  24  2:48  Hellion x2  
  29  2:56  Orbital Command  
  29  3:00  SCV  
  30  3:09  Hellion  
  30  3:10  Hellion  
  30  3:12  SCV  
  35  3:19  Viking  
  37  3:21  Supply Depot  
  37  3:23  SCV  
  37  3:25  SCV  
  39  3:31  Hellion  
  39  3:34  Hellion  
  43  3:37  Barracks Tech Lab  
  43  3:39  SCV x2  
  45  3:44  Refinery  
  45  3:51  SCV  
  45  3:52  SCV  
  47  3:56  Supply Depot  
  47  4:03  SCV  
  47  4:04  Raven, Marine x2  
  47  4:06  SCV, Factory Tech Lab  
  53  4:12  Supply Depot  
  53  4:15  SCV  
  54  4:18  SCV  
  54  4:22  Marine x2  
  57  4:24  Siege Tank  
  57  4:27  SCV  
  57  4:30  SCV  
  62  4:35  Supply Depot  
  62  4:39  SCV  
  62  4:42  SCV  
  62  4:43  Marine x2  
  65  4:47  Raven  
  65  4:51  SCV, Command Center  
  68  4:56  Siege Tank  
  68  4:57  Supply Depot  
  71  5:03  Marine x2  
  73  5:16  SCV  
  73  5:19  SCV, Refinery  
  73  5:20  Supply Depot  
  75  5:28  SCV  
  75  5:30  Siege Tank  
  75  5:33  SCV  
  75  5:34  Barracks Reactor  
  75  5:35  Factory  
  80  5:40  SCV  
  81  5:44  Viking  
  81  5:45  Viking  
  81  5:46  SCV  
  81  5:49  Supply Depot  
  86  5:50  Supply Depot  
  86  5:52  Engineering Bay  
  86  5:53  SCV  
  87  6:02  Siege Tank  
  87  6:04  SCV  
  92  6:05  Orbital Command  
  91  6:17  Viking x2  
  94  6:26  Refinery x2  
  94  6:27  SCV  
  94  6:28  SCV  
  96  6:34  SCV, Siege Tank  
  96  6:37  Missile Turret  
  100  6:41  SCV  
  101  6:47  Viking  
  96  7:00  Viking  
  89  7:01  Hellion x2  
  89  7:03  SCV  
  89  7:07  SCV, Siege Tank  
  89  7:10  Orbital Command  
  89  7:15  SCV, Supply Depot  
  90  7:19  SCV  
  86  7:27  SCV  
  86  7:28  Hellion x2, Command Center  
  91  7:30  Factory  
  91  7:32  SCV  
  91  7:34  Viking  
  94  7:38  SCV  
  94  7:39  SCV, Armory, Siege Tank  
  94  7:40  Armory  
  94  7:44  SCV  
  100  7:50  SCV, Hellion  
  103  7:51  SCV, Missile Turret  
  103  7:56  SCV  
  105  8:00  Viking  
  105  8:02  SCV  
  108  8:06  Sensor Tower  
  108  8:07  SCV  
  108  8:09  Missile Turret  
  108  8:11  Siege Tank  
  108  8:12  Missile Turret  
  112  8:13  Missile Turret  
  112  8:14  Viking  
  112  8:15  Siege Tank  
  117  8:20  Supply Depot x2  
  117  8:28  Missile Turret x2  
  117  8:30  Hellion  
  119  8:38  Barracks Reactor  
  119  8:39  Starport  
  119  8:43  Siege Tank  
  119  8:46  Missile Turret  
  119  8:47  Terran Vehicle Weapons Level 1, Terran Vehicle And Ship Armor Level 1  
  122  8:48  Viking x2  
  122  8:49  Missile Turret  
  122  8:50  Hellion  
  122  8:55  SCV x2  
  131  8:58  SCV  
  131  9:07  SCV x2  
  131  9:08  Siege Tank  
  136  9:13  Missile Turret  
  136  9:14  Missile Turret  
  136  9:18  Viking x2  
  139  9:26  SCV x3  
  139  9:30  Missile Turret  
  139  9:35  Viking x2  
  139  9:38  SCV, Planetary Fortress  
  138  9:39  SCV x2  
  140  9:46  Siege Tank  
  140  9:47  Hellion x2, Missile Turret, Siege Tank  
  140  9:48  Viking x2  
  140  9:50  SCV  
  140  9:51  SCV x2  
  157  10:00  Refinery  
  157  10:01  Refinery  
  157  10:02  SCV  
  157  10:03  SCV x2, Supply Depot  
  157  10:05  Supply Depot  
  160  10:09  Sensor Tower  
  160  10:14  SCV  
  160  10:16  Viking  
  160  10:20  Barracks Reactor  
  163  10:22  Factory x2  
  163  10:25  Viking, SCV  
  169  10:28  Siege Tank  
  169  10:29  Hellion x2  
  166  10:43  Command Center  
  166  10:47  Terran Ship Weapons Level 1, Terran Vehicle And Ship Armor Level 2  
  166  10:49  Viking x3  
  171  10:56  Hellion x2  
  175  10:59  Supply Depot  
  175  11:00  Supply Depot  
  175  11:05  Command Center  
  175  11:08  Factory Tech Lab  
  175  11:14  Viking  
  175  11:17  Siege Tank x2  
  183  11:19  Viking  
  185  11:26  Missile Turret  
  185  11:31  Missile Turret  
  185  11:36  Siege Tank  
  185  11:37  Hellion x2  
  184  11:49  Siege Tank  
  184  11:51  Siege Tank  
  184  11:52  Hellion, Liberator  
  195  12:04  Missile Turret  
  195  12:08  Siege Tank  
  195  12:09  Hellion  
  195  12:10  Infernal Pre-Igniter  
  200  12:19  Orbital Command  
  200  12:38  Missile Turret  
  200  12:39  Missile Turret, Refinery x2  
  198  12:48  Missile Turret, Smart Servos  
  196  12:54  Planetary Fortress  
  196  12:57  Siege Tank  
  196  12:58  Terran Ship Weapons Level 2, Siege Tank  
  200  13:07  Missile Turret  
  200  13:10  Missile Turret  
  200  13:16  Terran Vehicle And Ship Armor Level 3  
  200  13:17  Missile Turret  
  200  13:18  Starport  
  200  13:19  Refinery x2, Starport  
  200  13:20  Missile Turret  
  200  13:24  Command Center  
  200  13:31  Command Center  
  200  13:45  Mag-Field Accelerator  
  200  13:46  Drilling Claws  
  200  13:54  Command Center  
  200  13:55  Missile Turret  
  200  13:56  Missile Turret  
  200  13:57  Missile Turret x3  
  187  14:18  Missile Turret  
  187  14:19  Missile Turret  
  187  14:34  Thor x2  
  187  14:36  Starport Reactor x2  
  187  14:37  Missile Turret  
  199  14:39  Missile Turret  
  199  14:40  Orbital Command  
  199  14:42  Neosteel Armor  
  197  14:49  Viking x2  
  198  14:53  Widow Mine  
  200  15:07  Missile Turret  
  200  15:09  Missile Turret  
  200  15:13  Terran Vehicle Weapons Level 2  
  198  15:15  Missile Turret x2  
  198  15:18  Siege Tank x2  
  198  15:19  Hellion x3  
  170  15:23  Siege Tank  
  170  15:24  Viking x7  
  136  15:40  Orbital Command  
  136  15:49  Hellion x2  
  140  15:50  Siege Tank x2  
  139  15:57  Liberator x2, Siege Tank  
  145  16:05  Terran Ship Weapons Level 3  
  145  16:07  Hellion x2  
  149  16:14  Factory  
  149  16:15  Factory x2  
  149  16:20  Viking x3  
  149  16:22  Hi-Sec Auto Tracking, Siege Tank  
  149  16:23  Siege Tank  
  149  16:24  Hellion x2  
  165  16:28  Planetary Fortress  
  165  16:29  Siege Tank  
  168  16:34  Viking x2  
  168  16:37  Widow Mine x2  
  176  16:46  Widow Mine  
  178  16:47  Missile Turret  
  178  16:48  Missile Turret  
  177  16:55  Siege Tank x2  
  181  17:02  Liberator x2  
  183  17:10  Missile Turret, Liberator x2  
  183  17:11  Liberator  
  190  17:34  Terran Vehicle Weapons Level 3  
  190  17:38  Widow Mine x2  
  190  17:39  Widow Mine x3  
  190  17:44  Command Center  
  200  17:50  Factory Tech Lab x2  
  190  18:09  Siege Tank x4  
  200  18:23  Missile Turret x2  
  200  18:25  Missile Turret  
  198  18:28  Missile Turret  
  198  18:34  Siege Tank  
  197  18:35  Factory Reactor, Widow Mine  
  199  18:41  Siege Tank  
  199  18:43  Command Center  
  199  18:44  Command Center, Widow Mine x2  
  184  18:53  Missile Turret  
  183  18:58  Missile Turret  
  180  19:03  Widow Mine x3, Siege Tank x2  
  191  19:13  Siege Tank  
  177  19:24  Siege Tank  
  177  19:25  Thor x2  
  177  19:27  Widow Mine  
  161  19:35  Siege Tank  
  161  19:48  Hellion  
  155  20:04  Hellion  
  150  20:07  Siege Tank  
  135  20:34  Orbital Command  
  131  20:37  Barracks  
  91  21:26  Factory  
  91  21:27  Factory  
  91  21:28  Factory  
  90  21:38  Orbital Command  
  90  21:46  Orbital Command  
  68  23:11  Orbital Command  
  66  23:16  Orbital Command  
  65  23:20  Orbital Command  
  62  23:56  SCV x2  
  62  23:57  SCV  
  62  24:00  Widow Mine x2  
  67  24:08  SCV  
  68  24:29  Widow Mine x2  
  66  24:51  Widow Mine x2  
  54  25:34  Orbital Command  
  54  25:36  Orbital Command  
  50  26:13  Supply Depot  
  50  26:15  Supply Depot  
Tags
 
Add a new tag
Caveats
  • Supply blocks, unpowered buildings, or Contaminate may cause inaccurate times.
  • Supply counts are checked every 10 seconds.